AoeStats
← Bassman

Arena

509482218Analyzed
3v3 RM · 6d ago on Sep 26, 2026· 18m 23s· 6 players
Game mode
Random Map
Map size
Normal (6 player)
Population
200
Speed
Normal
Resources
Standard
Victory
Conquest
Starting age
Dark Age
Ending age
Imperial Age
RankedLock teamsTeams togetherTeam positionsShared explorationLock speedFull tech treeHidden civsTurbo modeCheats
Victory
Defeat
🇫🇷 Magyars · France
992
+14
🇨🇦 Cumans · Canada
981
+15
🇦🇷 Franks · Argentina
882
+18
🇫🇴 Varangians · Faroe Islands
962
-16
🇫🇴 Danes · Faroe Islands
961
-16
🇫🇴 Goths · Faroe Islands
916
-38
Rógv1 B0NG
10:43 Feudal Age
13:22 Wheelbarrow
13:32 Double-Bit Axe
13:39 Horse Collar
14:18 Loom
17:10 Castle Age
16:11 Scale Mail Armor
KIDSPANKER 4000
12:37 Feudal Age
14:55 Wheelbarrow
Bassman
10:11 Feudal Age
11:27 Wheelbarrow
13:27 Double-Bit Axe
17:36 Castle Age
17:35 Gold Mining
19:03 Hand Cart
Mr. Excel
9:57 Feudal Age
11:33 Man-at-Arms
Beaumains
9:45 Feudal Age
16:52 Castle Age
15:32 Double-Bit Axe
15:42 Stone Mining
16:14 Gold Mining
17:11 Scale Mail Armor
17:00 Loom
17:48 Bow Saw
Merliques
3:02 Loom
10:39 Feudal Age
16:14 Castle Age
14:48 Double-Bit Axe
19:11 Forging
Connection lost

Rejoining the realm…

Still unreachable

The connection could not be restored.

Session expired

The server has moved on; the page needs a fresh start.